 Dungeon Crawl Stone Soup version 0.31.0-11-ge490571c62 (webtiles) character file.

Game seed: 8731373465333277118

123447 DocClef the Blocker (level 16, -27/131 HPs)
             Began as a Gnoll Fighter on Jan 26, 2024.
             Was a High Priest of Okawaru.
             Killed from afar by a deep elf zephyrmancer (33 damage)
             ... with a bolt of lightning
             ... on level 1 of the Elven Halls on Jan 28, 2024.
             The game lasted 00:50:11 (24985 turns).

DocClef the Blocker (Gnoll Fighter)                Turns: 24985, Time: 00:50:11

Health: -27/131    AC: 31    Str: 23    XL:     16   Next: 90%
Magic:  0/31       EV: 21    Int: 11    God:    Okawaru [*****.]
Gold:   1353       SH: 11    Dex: 20    Spells: 38/38 levels left

rFire   + + +        n - +9 trident "Iwisoeliu" {spect, rPois rF+}
rCold   + + .        U - +3 buckler
rNeg    . . .        x - +7 chain mail of Conscience {rF+ rC+ Int+4}
rPois   +            f - +1 helmet "Debrowk" {rC+ rCorr Dex+4}
rElec   .            a - scarf {+Inv}
rCorr   +            c - +2 pair of gloves {Dex+3}
SInv    .            j - +0 pair of boots
Will    +....        H - amulet "Jozielor" {Spirit Fly rPois Stlth-}
Stlth   ++           O - +5 ring of evasion
HPRegen 0.41/turn    X - +4 ring of protection
MPRegen 0.22/turn

%: guardian spirit
@: flying
A: fangs 1, strong nose, distributed training, fire resistance 1
a: Renounce Religion, Evoke Invisibility, Heroism, Finesse, Duel


You were on level 1 of the Elven Halls.
You worshipped Okawaru.
Okawaru was extremely pleased with you.
You visited 6 branches of the dungeon, and saw 25 of its levels.
You visited 1 bazaar.
You also visited: Sewer, Ossuary and Gauntlet.

You collected 2571 gold pieces.
You spent 1218 gold pieces at shops.

Inventory:

Hand Weapons
 b - the +10 zealot's sword {holy, Zealotry, *Rage rN+ EV+3}
   (You found it on level 5 of the Lair of Beasts)

   Zealotry:  Whenever the wielder enters a berserk rage, their allies are
   berserked alongside them.
   EV+3:      It affects your evasion (+3).
   rN+:       It protects you from negative energy.
   *Rage:     It berserks you when you make melee attacks (+20% chance).
 n - the +9 trident "Iwisoeliu" (weapon) {spect, rPois rF+}
   (You found it on level 2 of the Dungeon)

   rF+:       It protects you from fire.
   rPois:     It protects you from poison
Missiles
 B - 8 javelins
 P - 6 silver javelins (quivered)
 S - 5 throwing nets
Armour
 a - a scarf of invisibility (worn)
 c - a +2 pair of gloves of dexterity (worn)
 f - the +1 helmet "Debrowk" (worn) {rC+ rCorr Dex+4}
   (You bought it in a shop on level 2 of the Orcish Mines)

   Dex+4:     It affects your dexterity (+4).
   rC+:       It protects you from cold.
   rCorr:     It protects you from acid and corrosion.
 j - a +0 pair of boots (worn)
 x - the +7 chain mail of Conscience (worn) {rF+ rC+ Int+4}
   (You found it on level 5 of the Dungeon)

   Int+4:     It affects your intelligence (+4).
   rF+:       It protects you from fire.
   rC+:       It protects you from cold.
 U - a +3 buckler (worn)
Jewellery
 H - the amulet "Jozielor" (around neck) {Spirit Fly rPois Stlth-}
   (You found it in a Gauntlet)

   [amulet of guardian spirit]

   Spirit:    It causes incoming damage to be divided between your reserves of
   health and magic.
   rPois:     It protects you from poison Fly: It grants you flight.
   Stlth-:    It makes you less stealthy.
 J - an amulet of reflection
 O - a +5 ring of evasion (left hand)
 T - the ring "Jurosesi" {Wiz rElec rC- rN++ Dex+3}
   (You found it in a Gauntlet)

   [ring of wizardry]

   Wiz:       It improves your spell success rate.
   Dex+3:     It affects your dexterity (+3).
   rC-:       It makes you vulnerable to cold.
   rElec:     It insulates you from electricity.
   rN++:      It greatly protects you from negative energy.
 X - a +4 ring of protection (right hand)
 Y - a ring of poison resistance
 Z - a ring of flight
Wands
 o - a wand of polymorph (1)
 u - a wand of digging (7)
 y - a wand of flame (55)
 F - a wand of acid (10)
 G - a wand of mindburst (15)
 M - a wand of paralysis (15)
Scrolls
 e - a scroll of fog
 g - 5 scrolls of enchant weapon
 i - 8 scrolls of identify
 q - a scroll of fear
 s - 7 scrolls of teleportation
 w - 4 scrolls of immolation
 E - a scroll of enchant armour
 I - 2 scrolls of poison
 K - 4 scrolls of vulnerability
 Q - a scroll of amnesia
 V - a scroll of silence
Potions
 d - 10 potions of might
 h - a potion of heal wounds
 l - 3 potions of invisibility
 m - 4 potions of cancellation
 p - 4 potions of curing
 r - a potion of haste
 t - 3 potions of magic
 v - a potion of brilliance
 z - 5 potions of enlightenment
 C - 6 potions of attraction
 D - a potion of berserk rage
 L - 2 potions of ambrosia
 N - 3 potions of lignification
 R - 3 potions of resistance
Miscellaneous
 k - a tin of tremorstones (2/2)
 A - a phial of floods
 W - a lightning rod (4/4)


   Skills:
 + Level 13.2 Fighting
 + Level 11.6 Short Blades
 + Level 11.6 Long Blades
 + Level 11.6 Axes
 + Level 12.4 Maces & Flails
 + Level 11.6 Polearms
 + Level 11.6 Staves
 + Level 11.6 Ranged Weapons
 + Level 11.6 Throwing
 + Level 13.2 Armour
 + Level 11.6 Dodging
 + Level 11.6 Stealth
 + Level 13.2 Shields
 + Level 11.6 Unarmed Combat
 + Level 11.6 Spellcasting
 + Level 9.8 Conjurations
 + Level 9.8 Hexes
 + Level 9.8 Summonings
 + Level 9.8 Necromancy
 + Level 9.8 Translocations
 + Level 9.8 Fire Magic
 + Level 9.8 Ice Magic
 + Level 9.8 Air Magic
 + Level 9.8 Earth Magic
 + Level 9.8 Alchemy
 + Level 12.6 Invocations
 + Level 11.6 Evocations
 + Level 10.7 Shapeshifting


You had 38 spell levels left.
You didn't know any spells.
Your spell library contained the following spells:

 Spells                   Type           Power      Damage    Failure   Level
 Kiss of Death            Conj/Necr      100%       2d13      1%          1
 Magic Dart               Conj           100%       1d8       1%          1
 Sting                    Conj/Alch      100%       1d9       1%          1
 Blink                    Tloc           56%        N/A       1%          2
 Lesser Beckoning         Tloc           56%        N/A       1%          2
 Mercury Vapours          Alch/Air       56%        N/A       1%          2
 Momentum Strike          Conj/Tloc      56%        3d9       1%          2
 Scorch                   Fire           56%        2d7       1%          2
 Confusing Touch          Hex            28%        N/A       2%          3
 Dazzling Flash           Conj/Hex       56%        N/A       2%          3
 Gell's Gravitas          Tloc           28%        N/A       2%          3
 Mephitic Cloud           Conj/Alch/Air  28%        N/A       2%          3
 Teleport Other           Tloc           28%        N/A       2%          3
 Dimensional Bullseye     Hex/Tloc       14%        N/A       9%          4
 Dispel Undead            Necr           28%        3d13      9%          4
 Iskenderun's Mystic Bla  Conj/Tloc      28%        2d7       9%          4
 Olgreb's Toxic Radiance  Alch           28%        N/A       9%          4
 Passage of Golubria      Tloc           28%        N/A       9%          4
 Vhi's Electric Charge    Tloc/Air       56%        N/A       9%          4
 Alistair's Intoxication  Alch           18%        N/A       22%         5
 Arcjolt                  Conj/Air       14%        1d24      22%         5
 Borgnjor's Vile Clutch   Necr/Erth      14%        N/A       22%         5
 Curse of Agony           Necr           28%        N/A       22%         5
 Silence                  Hex/Air        14%        N/A       22%         5
 Yara's Violent Unravell  Hex/Alch       14%        3d7       22%         5
 Eringya's Noxious Bog    Alch           14%        4d6       77%         6
 Plasma Beam              Fire/Air       14%        2x1d25    77%         6
 Ignition                 Fire           14%        3d6       100%        8
 Chain Lightning          Conj/Air       14%        3d18      100%        9
 Fire Storm               Conj/Fire      14%        8d4       100%        9
 Shatter                  Erth           14%        3d14*     100%        9
 Call Imp                 Summ           Unusable   N/A       N/A         2
 Tukima's Dance           Hex            Unusable   N/A       N/A         3

Dungeon Overview and Level Annotations

Branches:
Dungeon (15/15)            Temple (1/1) D:4            Lair (5/5) D:8
  Swamp (0/4) Lair:3        Snake (1/4) Lair:2        Slime (0/5) Lair:4
    Orc (2/2) D:11            Elf (1/3) Orc:2        Vaults (0/5) D:13
  Sewer (visited)         Ossuary (visited)         Gauntlet (visited)
 Depths: D:15

Altars:
Ashenzari
Cheibriados
Dithmenos
Elyvilon
Fedhas
Gozag
Hepliaklqana
Kikubaaqudgha
Makhleb
Nemelex Xobeh
Okawaru
Qazlal
Ru
Sif Muna
Trog
Uskayaw
Vehumet
Wu Jian
Xom
Yredelemnul
Zin
The Shining One
Jiyva

Shops:
D:11 ?   D:12 :   Orc:1 *   Orc:2 *?[

Annotations:
D:10 3 runed translucent doors, Zeia's ghost, journeyman DjIE


Innate Abilities, Weirdness & Mutations

You have very sharp teeth.
Your uncanny sense of smell can sniff out nearby items.
Your experience applies equally to all skills.
Your flesh is heat resistant. (rF+)


Message History

Unknown command.
Reach: n) +9 trident "Iwisoeliu" {spect, rPois rF+}
Press: ? - help, Dir - move target, f/p - deep elf pyromancer
Aim: a deep elf pyromancer, wielding a +0 dagger and wearing a +0 chain mail (about 26% to evade the +9 trident "Iwisoeliu")
You reach to attack!
You hit the deep elf pyromancer.
The deep elf pyromancer is lightly wounded.
Your +9 trident "Iwisoeliu" {spect, rPois rF+} hits the deep elf pyromancer!
The deep elf pyromancer mumbles some strange words.
The deep elf zephyrmancer points at you and mumbles some strange words.
The bolt of lightning hits your +9 trident "Iwisoeliu" {spect, rPois rF+}.
Your +9 trident "Iwisoeliu" {spect, rPois rF+} resists.
Your spectral weapon shares its damage with you!
The bolt of lightning hits you!!
* * * LOW HITPOINT WARNING * * *
x2 The deep elf zephyrmancer gestures wildly while chanting.
The deep elf zephyrmancer blinks!
Your +9 trident "Iwisoeliu" {spect, rPois rF+} disappears.
The deep elf pyromancer casts a spell.
The deep elf pyromancer blinks!
The deep elf zephyrmancer points at you and mumbles some strange words.
The bolt of lightning hits you!!
* * * LOW HITPOINT WARNING * * *
You hear a shout!
You feel much better.
A water elemental comes into view.
The deep elf zephyrmancer gestures at you while chanting.
The bolt of lightning misses you.
As you read the scroll of fog, it dissolves into smoke.
The water elemental is engulfed in blazing flames.
The deep elf zephyrmancer points at you and mumbles some strange words.
The bolt of lightning misses you.
The deep elf zephyrmancer gestures at you while chanting.
The bolt of lightning hits you!!
* * * LOW HITPOINT WARNING * * *
There is a staircase back to the Mines, spattered with blood here.
The deep elf zephyrmancer mumbles some strange words.
The deep elf zephyrmancer blinks!
The deep elf zephyrmancer points at you and mumbles some strange words.
The bolt of lightning hits you!!
You die...

##......## #.#...
#.....8..# #○###.
##........####.###.
#....§§....##EE....
#....§§§.§§[ee#####
#e.8.§§§§8§##.#
#..)..§§§§§#..#
#.)).8§e§§§#.##
#.@...§§§§§..#
#.[.[8....§#.#
#..........#.#
#..8.)...8.#.#
#......).....#
#...[......###
##........##
#.....8..#
##......##


You could see 2 deep elf zephyrmancers.

Vanquished Creatures
  A minotaur (Gauntlet)
  3 dire elephants
  Harold (D:10)
  A ghost crab (Gauntlet)
  7 hydras
  5 centaur warriors
  An alligator (Lair:3)
  4 boulder beetles
  4 ogre magi (Orc:2)
  12 two-headed ogres
  13 death yaks
  2 dancing weapons (Elf:1)
  A spectral dire elephant (Lair:5)
  5 skysharks
  3 skeletal warriors (D:13)
  4 deep elf knights
  A fire crab (Lair:3)
  A spectral anaconda (Lair:5)
  2 spectral death yaks (Lair:5)
  An obsidian statue (Lair:5)
  2 deep elf archers (Elf:1)
  2 orc knights
  4 deep elf pyromancers
  Pikel (D:7)
  3 necromancers (Lair:5)
  10 deep elf zephyrmancers
  5 orc sorcerers (Orc:2)
  8 ugly things
  A rust devil (Gauntlet)
  2 kobold blastminers (Orc:2)
  A cyclops (D:14)
  26 elephants
  Joseph (D:8)
  5 black mambas
  2 torpor snails (Lair:3)
  An ice statue (D:11)
  16 cane toads
  Maggie (D:7)
  An unseen horror (D:11)
  5 rime drakes
  A gargoyle (D:12)
  A minotaur zombie (Gauntlet)
  A kobold demonologist (D:14)
  17 komodo dragons
  2 efreet (D:14)
  6 trolls
  3 polar bears
  2 hornets
  3 spectral elephants (Lair:5)
  20 blink frogs
  A raiju (Gauntlet)
  14 dream sheep
  14 slime creatures
  A ynoxinul (Gauntlet)
  A water elemental (D:14)
  3 spriggans (Lair:2)
  3 wraiths
  8 wyverns
  A vampire (D:13)
  16 humans (D:13)
  6 basilisks
  A yak (shapeshifter) (D:14)
  3 steam dragons
  64 yaks
  10 wargs
  2 death yak simulacra (Lair:5)
  3 vampire mosquitoes (D:10)
  A naga (shapeshifter) (D:14)
  2 spectral cane toads (Lair:5)
  25 water moccasins
  Edmund (D:5)
  5 acid dragons
  3 hell hounds (D:12)
  A swamp drake (D:11)
  13 orc warriors
  Pargi (Sewer)
  3 sky beasts
  An elephant zombie (Lair:5)
  A laughing skull (D:13)
  2 black bears
  17 wolves
  15 ogres
  5 centaurs
  A lemure (D:7)
  2 kobold brigands
  An elephant skeleton (Lair:5)
  A phantom (D:5)
  A weeping skull (Ossuary)
  21 bullfrogs
  A brain worm (Sewer)
  2 elf zombies (Ossuary)
  A gnoll sergeant (D:10)
  3 scorpions
  3 wights (D:10)
  An elephant simulacrum (Lair:5)
  6 killer bees (D:8)
  8 howler monkeys
  6 electric eels (D:14)
  2 centaur zombies (Ossuary)
  4 hounds
  9 orc priests
  5 jellies
  3 iron imps (Gauntlet)
  3 sleepcaps (D:6)
  2 iguanas (D:6)
  17 orc wizards
  6 hell rats
  2 crocodile zombies (Ossuary)
  4 hound zombies (Ossuary)
  3 mummies (Ossuary)
  Robin (D:4)
  8 gnolls
  8 adders
  2 white imps (D:6)
  2 ufetubi (D:7)
  4 adder zombies (Ossuary)
  2 dart slugs
  77 orcs
  2 endoplasms
  4 giant cockroaches
  A gnoll zombie (Ossuary)
  16 goblins
  8 hobgoblins
  5 quokkas
  14 ball pythons
  3 ball python zombies (Ossuary)
  6 bats
  7 frilled lizards
  2 jackal zombies (Ossuary)
  14 kobolds
  7 kobold zombies (Ossuary)
  An orc zombie (Ossuary)
  2 rats
786 creatures vanquished.

Vanquished Creatures (others)
  A water elemental (Elf:1)
  An orc (Orc:2)
  16 spectral weapons
18 creatures vanquished.

Grand Total: 804 creatures vanquished

Notes
Turn   | Place    | Note
-------+----------+-------------------------------------------
     0 | D:1      | DocClef the Gnoll Fighter began the quest for the Orb.
     0 | D:1      | Reached XP level 1. HP: 23/23 MP: 1/1
   152 | D:1      | Reached XP level 2. HP: 29/29 MP: 2/2
   693 | D:2      | Reached XP level 3. HP: 35/35 MP: 3/3
  1071 | D:2      | Reached skill level 1 in Invocations
  1134 | D:2      | Reached skill level 1 in Short Blades
  1134 | D:2      | Reached skill level 1 in Long Blades
  1134 | D:2      | Reached skill level 1 in Axes
  1134 | D:2      | Reached skill level 1 in Polearms
  1134 | D:2      | Reached skill level 1 in Staves
  1134 | D:2      | Reached skill level 1 in Ranged Weapons
  1134 | D:2      | Reached skill level 1 in Throwing
  1134 | D:2      | Reached skill level 1 in Dodging
  1134 | D:2      | Reached skill level 1 in Stealth
  1134 | D:2      | Reached skill level 1 in Unarmed Combat
  1134 | D:2      | Reached skill level 1 in Spellcasting
  1134 | D:2      | Reached skill level 1 in Evocations
  1466 | D:2      | Identified the +9 trident "Iwisoeliu" {spect, rPois rF+}
  1621 | D:2      | Reached skill level 1 in Shapeshifting
  1621 | D:2      | Reached XP level 4. HP: 40/41 MP: 5/5
  1950 | D:3      | Reached skill level 1 in Conjurations
  1950 | D:3      | Reached skill level 1 in Hexes
  1950 | D:3      | Reached skill level 1 in Summonings
  1950 | D:3      | Reached skill level 1 in Necromancy
  1950 | D:3      | Reached skill level 1 in Translocations
  1950 | D:3      | Reached skill level 1 in Fire Magic
  1950 | D:3      | Reached skill level 1 in Ice Magic
  1950 | D:3      | Reached skill level 1 in Air Magic
  1950 | D:3      | Reached skill level 1 in Earth Magic
  1950 | D:3      | Reached skill level 1 in Alchemy
  2289 | D:3      | Reached XP level 5. HP: 47/47 MP: 7/7
  2364 | D:4      | Noticed Robin
  2384 | D:4      | Killed Robin
  2413 | D:4      | Found a glowing drain.
  2454 | Sewer    | Entered a sewer
  2500 | Sewer    | Reached skill level 5 in Maces & Flails
  2500 | Sewer    | Reached XP level 6. HP: 39/53 MP: 8/8
  2552 | Sewer    | Noticed Pargi
  2557 | Sewer    | Killed Pargi
  2852 | D:4      | Reached XP level 7. HP: 59/60 MP: 10/10
  2854 | D:4      | Found a staircase to the Ecumenical Temple.
  2860 | Temple   | Entered the Ecumenical Temple
  2868 | Temple   | Became a worshipper of Warmaster Okawaru
  2951 | D:4      | Found a shimmering blue altar of Sif Muna.
  3339 | D:5      | Entered Level 5 of the Dungeon
  3341 | D:5      | Found a snail-covered altar of Cheibriados.
  3341 | D:5      | Identified the +7 chain mail of Conscience {rF+ rC+ Int+4}
  3621 | D:5      | Found a white marble altar of Elyvilon.
  3672 | D:5      | Noticed Edmund
  3677 | D:5      | Killed Edmund
  3758 | D:5      | Reached * piety under Okawaru
  3759 | D:5      | Reached XP level 8. HP: 65/67 MP: 12/12
  4174 | D:6      | Found a hide-covered altar of Uskayaw.
  4200 | D:6      | Identified the +3 orcbow "Offisousch" {heavy, rF+++ rCorr
                  | Int-4 Dex+2}
  4291 | D:6      | Reached ** piety under Okawaru
  4496 | D:6      | Reached XP level 9. HP: 39/73 MP: 14/14
  5134 | D:7      | Noticed Pikel
  5142 | D:7      | Killed Pikel
  5142 | D:7      | Reached *** piety under Okawaru
  5202 | D:7      | Noticed a komodo dragon
  5204 | D:7      | Noticed Maggie
  5213 | D:6      | Killed a komodo dragon
  5214 | D:6      | Reached skill level 5 in Invocations
  5227 | D:7      | Killed Maggie
  5260 | D:7      | Found an ancient bone altar of Kikubaaqudgha.
  5260 | D:7      | Found a glowing golden altar of the Shining One.
  5348 | D:7      | Found a sand-covered staircase.
  5454 | Ossuary  | Entered an ossuary
  5551 | Ossuary  | Reached skill level 5 in Short Blades
  5551 | Ossuary  | Reached skill level 5 in Long Blades
  5551 | Ossuary  | Reached skill level 5 in Axes
  5551 | Ossuary  | Reached skill level 5 in Polearms
  5551 | Ossuary  | Reached skill level 5 in Staves
  5551 | Ossuary  | Reached skill level 5 in Ranged Weapons
  5551 | Ossuary  | Reached skill level 5 in Throwing
  5551 | Ossuary  | Reached skill level 5 in Dodging
  5551 | Ossuary  | Reached skill level 5 in Stealth
  5551 | Ossuary  | Reached skill level 5 in Unarmed Combat
  5551 | Ossuary  | Reached skill level 5 in Spellcasting
  5551 | Ossuary  | Reached skill level 5 in Evocations
  5551 | Ossuary  | Reached XP level 10. HP: 81/81 MP: 17/17
  6316 | D:8      | Found a staircase to the Lair.
  6318 | D:8      | Reached **** piety under Okawaru
  6328 | D:8      | Noticed Joseph
  6348 | D:8      | Reached skill level 5 in Shapeshifting
  6361 | D:8      | Killed Joseph
  6759 | D:8      | Found a sparkling altar of Nemelex Xobeh.
  7310 | Lair:1   | Entered Level 1 of the Lair of Beasts
  7369 | Lair:1   | Noticed a cane toad
  7374 | D:8      | Reached ***** piety under Okawaru
  7378 | D:8      | Reached skill level 5 in Conjurations
  7378 | D:8      | Reached skill level 5 in Hexes
  7378 | D:8      | Reached skill level 5 in Summonings
  7378 | D:8      | Reached skill level 5 in Necromancy
  7378 | D:8      | Reached skill level 5 in Translocations
  7378 | D:8      | Reached skill level 5 in Fire Magic
  7378 | D:8      | Reached skill level 5 in Ice Magic
  7378 | D:8      | Reached skill level 5 in Air Magic
  7378 | D:8      | Reached skill level 5 in Earth Magic
  7378 | D:8      | Reached skill level 5 in Alchemy
  7383 | D:8      | Reached XP level 11. HP: 60/89 MP: 18/20
  7542 | D:9      | Found the +4 robe of Folly {Brill Will-∞ Int+8}
  8268 | D:10     | Entered Level 10 of the Dungeon
  8346 | D:10     | Found a runed translucent gate.
  8347 | D:10     | Found a runed translucent gate.
  8348 | D:10     | Found a runed translucent gate.
  8442 | D:10     | Found an ornate altar of the Wu Jian Council.
  9110 | D:10     | Noticed Zeia's ghost (journeyman DjIE)
  9138 | D:11     | Noticed Harold
  9138 | D:11     | Found a gateway to a bazaar.
  9153 | D:10     | Killed Harold
  9179 | Bazaar   | Entered a bazaar
  9354 | Bazaar   | Found Famapsac's Antique Armour Boutique.
  9376 | Bazaar   | Found Xoubbu Gao's Antique Weapon Emporium.
  9397 | Bazaar   | Found Maewaeck's Jewellery Boutique.
  9417 | Bazaar   | Found Ycestrer's Assorted Antiques.
  9459 | Bazaar   | Bought a +5 ring of evasion for 648 gold pieces
  9502 | D:11     | Noticed a two-headed ogre
  9512 | D:11     | Killed a two-headed ogre
  9653 | D:11     | Found Byxa Qar's Magic Scroll Shoppe.
  9664 | D:11     | Bought a scroll of teleportation for 45 gold pieces
  9678 | D:11     | Noticed a boulder beetle
  9691 | D:11     | Killed a boulder beetle
  9746 | D:11     | Found Rakhomoz's Assorted Antiques.
  9809 | D:11     | Noticed a two-headed ogre
  9821 | D:11     | Killed a two-headed ogre
  9821 | D:11     | Received a gift from Okawaru
  9990 | D:11     | Reached XP level 12. HP: 97/97 MP: 22/22
 10147 | D:11     | Noticed a two-headed ogre
 10167 | D:11     | Killed a two-headed ogre
 10246 | D:11     | Found a staircase to the Orcish Mines.
 10457 | D:12     | Noticed a centaur warrior
 10475 | D:12     | Killed a centaur warrior
 10475 | D:12     | Reached ****** piety under Okawaru
 10475 | D:12     | Received a gift from Okawaru
 10597 | D:12     | Noticed a boulder beetle
 10609 | D:12     | Reached skill level 10 in Fighting
 10609 | D:12     | Reached skill level 10 in Armour
 10609 | D:12     | Reached skill level 10 in Shields
 10622 | D:12     | Killed a boulder beetle
 11252 | D:12     | Found Ajysejae's Book Shop.
 11279 | D:12     | Received a gift from Okawaru
 11995 | Lair:1   | Noticed a death yak
 11995 | Lair:1   | Noticed a death yak
 12029 | Lair:1   | Killed a death yak
 12030 | Lair:1   | Reached XP level 13. HP: 104/104 MP: 17/25
 12206 | Lair:1   | Received a gift from Okawaru
 12229 | Lair:1   | Identified the +2 flail of Xomnol {holy, Will- Str+5}
 13412 | Lair:2   | Noticed a dire elephant
 13844 | Lair:2   | Received a gift from Okawaru
 13943 | Lair:2   | Killed a dire elephant
 13956 | Lair:2   | Reached skill level 10 in Maces & Flails
 14025 | Lair:2   | Found a staircase to the Snake Pit.
 14444 | Snake:1  | Entered Level 1 of the Snake Pit
 14536 | Lair:3   | Found a staircase to the Swamp.
 14661 | Lair:3   | Received a gift from Okawaru
 14771 | Lair:3   | Reached XP level 14. HP: 97/113 MP: 27/27
 14773 | Lair:3   | Reached skill level 10 in Invocations
 15008 | Lair:3   | Received a gift from Okawaru
 15371 | Lair:3   | Received a gift from Okawaru
 15421 | Lair:3   | Got the Secrets of Sizzling Correspondence
 15704 | Lair:3   | Received a gift from Okawaru
 16378 | Lair:4   | Reached skill level 10 in Short Blades
 16378 | Lair:4   | Reached skill level 10 in Long Blades
 16378 | Lair:4   | Reached skill level 10 in Axes
 16378 | Lair:4   | Reached skill level 10 in Polearms
 16378 | Lair:4   | Reached skill level 10 in Staves
 16378 | Lair:4   | Reached skill level 10 in Ranged Weapons
 16378 | Lair:4   | Reached skill level 10 in Throwing
 16378 | Lair:4   | Reached skill level 10 in Dodging
 16378 | Lair:4   | Reached skill level 10 in Stealth
 16378 | Lair:4   | Reached skill level 10 in Unarmed Combat
 16378 | Lair:4   | Reached skill level 10 in Spellcasting
 16378 | Lair:4   | Reached skill level 10 in Evocations
 16591 | Lair:4   | Found a staircase to the Slime Pits.
 16591 | Lair:4   | Found a viscous altar of Jiyva.
 16626 | Lair:4   | Reached XP level 15. HP: 55/120 MP: 29/29
 16824 | Lair:4   | You fall into a shaft and drop 1 floor!
 16824 | Lair:5   | Entered Level 5 of the Lair of Beasts
 17054 | Lair:5   | Received a gift from Okawaru
 17109 | Lair:5   | Found the +10 zealot's sword {holy, Zealotry, *Rage rN+
                  | EV+3}
 17602 | Lair:4   | Found an ornate altar of the Wu Jian Council.
 17604 | Lair:4   | Found a hide-covered altar of Uskayaw.
 17825 | Lair:4   | Found a hazy altar of Hepliaklqana.
 18536 | Lair:5   | Received a gift from Okawaru
 20050 | D:13     | Reached skill level 10 in Shapeshifting
 20063 | D:13     | Received a gift from Okawaru
 20262 | D:13     | Found a gate to the Vaults.
 20309 | D:13     | Reached XP level 16. HP: 118/129 MP: 30/30
 21345 | D:15     | Entered Level 15 of the Dungeon
 22373 | Orc:1    | Entered Level 1 of the Orcish Mines
 22373 | Orc:1    | Found Xeenwuij's Assorted Antiques.
 22913 | Orc:2    | Entered Level 2 of the Orcish Mines
 22913 | Orc:2    | Found a staircase to the Elven Halls.
 22974 | Orc:2    | Found a gate leading to a gauntlet.
 22996 | Gauntlet | Entered a Gauntlet
 22996 | Gauntlet | Found a transporter.
 22996 | Gauntlet | Found a transporter.
 23002 | Gauntlet | Found a transporter.
 23005 | Gauntlet | Found a transporter.
 23005 | Gauntlet | Found a transporter.
 23008 | Gauntlet | Found a transporter.
 23031 | Gauntlet | Found a transporter.
 23074 | Gauntlet | Found a transporter.
 23076 | Gauntlet | Found a transporter.
 23076 | Gauntlet | Found a transporter.
 23087 | Gauntlet | Found a runed translucent gate.
 23089 | Gauntlet | Found a transporter.
 23090 | Gauntlet | Found a runed translucent gate.
 23091 | Gauntlet | Found a runed translucent gate.
 23105 | Gauntlet | Found a transporter.
 23115 | Gauntlet | Found a transporter.
 23129 | Gauntlet | Found a transporter.
 23191 | Gauntlet | Identified the amulet "Jozielor" {Spirit Fly rPois Stlth-}
 23265 | Gauntlet | Identified the ring "Jurosesi" {Wiz rElec rC- rN++ Dex+3}
 23334 | Gauntlet | Gained mutation: Your flesh is heat resistant. (rF+)
                  | [potion of mutation]
 23628 | Orc:2    | Found Irphamoe's Assorted Antiques.
 23700 | Orc:2    | Found Ruustof's Armour Shop.
 23729 | Orc:2    | Found Kielykit's Magic Scroll Boutique.
 24139 | Orc:2    | Bought the +1 helmet "Debrowk" {rC+ rCorr Dex+4} for 525
                  | gold pieces
 24182 | Elf:1    | Entered Level 1 of the Elven Halls
 24975 | Elf:1    | HP: 4/131 [deep elf zephyrmancer/bolt of lightning (25)]
 24983 | Elf:1    | HP: 5/131 [deep elf zephyrmancer/bolt of lightning (24)]
 24985 | Elf:1    | Killed from afar by a deep elf zephyrmancer

Illustrated notes

Levels and vault maps discovered:
D:1:      moated_graveyard_arrival, layout_basic
D:2:      layout_basic, chequers_serial_rivers_small_b, minmay_gold_behind_fungi
D:3:      layout_rooms
D:4:      minmay_skewed_foursquare, layout_loops_ring, led_sif_pool,
          minmay_temple_entry_tees, portal_sewer_entry_d, uniq_robin
D:5:      layout_loops_ring, nicolae_elyvilon_peaceful_grove,
          mainiacjoe_overflow_catwalk, uniq_edmund
D:6:      minmay_spotlight, layout_basic, eat_drink_and_be_merry_uskayaw,
          st_stairs_14
D:7:      layout_loops_ring, gammafunk_temple_overflow_elements,
          mainiacjoe_ossuary_entry_dusty_tomb, uniq_pikel, uniq_maggie
D:8:      layout_basic, nemelex_spade_bored_becter, minmay_lair_entry_grove,
          serial_rivers, chequers_serial_rivers_large_a,
          chequers_serial_rivers_micro_b, chequers_serial_rivers_micro_e,
          chequers_serial_rivers_small_b, chequers_serial_rivers_micro_c,
          uniq_joseph
D:9:      layout_stronghold, dreamdust_deal_with_the_devil
D:10:     layout_small_grid, nicolae_wu_jian_immortal_techniques,
          gammafunk_ghost_necromancy
D:11:     layout_rooms, erik_orc_1, serial_shops, statue_bzr,
          nicolae_shop_tiny_glass, shop, uniq_harold
D:12:     layout_irregular_city, serial_shops, shop, minmay_rotating_lava
D:13:     layout_basic, david_vaults_3
D:14:     erik_rubicon_a, layout_basic, serial_park_avenue1,
          nicolae_fountain_basement
D:15:     grunt_enter_depths_snipers, layout_grid_maze, kennysheep_four_rooms,
          uniq_rupert
Temple:   nicolae_temple_two_arcs
Lair:1:   layout_cave_pods, grunt_megastairs_4
Lair:2:   mu_elephants_graveyard, layout_regular_city, dummy_snake_entry,
          forest_entry_grove
Lair:3:   nzn_winding_woodlands_huge [nzn_winding_woodlands_5x15_pockets,
          nzn_winding_woodlands_5x15_longhouse,
          nzn_winding_woodlands_5x15_sawtooth,
          nzn_winding_woodlands_5x15_default, nzn_winding_woodlands_5x15_pool,
          nzn_winding_woodlands_5x15_jagged, nzn_winding_woodlands_5x15_garden,
          nzn_winding_woodlands_5x15_cabin,
          nzn_winding_woodlands_5x15_river_crossing,
          nzn_winding_woodlands_5x15_eye,
          nzn_winding_woodlands_center_pierced_h,
          nzn_winding_woodlands_center_garden,
          nzn_winding_woodlands_15x15_thick_spiral], layout_chaotic_city,
          mainiacjoe_swamp_entry_lozenge_pond, beast_lair_carwin_7
Lair:4:   layout_regular_city, minmay_slime_entry_pillars, basic_altar,
          nzn_masters_of_martial_movement
Lair:5:   due_jungle_book, layout_gridlike, grunt_megastairs_5
Snake:1:  layout_layer_cave, serial_library_hellmonk_semicircle
Orc:1:    layout_caves, serial_shops, shop_fountains
Orc:2:    st_orc_town, layout_diamond_mine, gauntlet_entry_generic
Elf:1:    elf_arrival_002, layout_geoelf_octagon, basic_altar,
          minmay_elf_annihilation, nicolae_shop_i_like_big_books,
          minmay_elf_sorcery, minmay_shoptagon

Skill      XL: |  1  2  3  4  5  6  7  8  9 10 11 12 13 14 15 16 |
---------------+-------------------------------------------------+-----
Invocations    | 1 2 3 4 5 6 7 8 9 10 11 12 | 12.6
Short Blades   | 1 2 3 5 6 7 8 9 10 11 | 11.6
Long Blades    | 1 2 3 5 6 7 8 9 10 11 | 11.6
Axes           | 1 2 3 5 6 7 8 9 10 11 | 11.6
Polearms       | 1 2 3 5 6 7 8 9 10 11 | 11.6
Staves         | 1 2 3 5 6 7 8 9 10 11 | 11.6
Ranged Weapons | 1 2 3 5 6 7 8 9 10 11 | 11.6
Throwing       | 1 2 3 5 6 7 8 9 10 11 | 11.6
Dodging        | 1 2 3 5 6 7 8 9 10 11 | 11.6
Stealth        | 1 2 3 5 6 7 8 9 10 11 | 11.6
Unarmed Combat | 1 2 3 5 6 7 8 9 10 11 | 11.6
Spellcasting   | 1 2 3 5 6 7 8 9 10 11 | 11.6
Evocations     | 1 2 3 5 6 7 8 9 10 11 | 11.6
Shapeshifting  | 1 2 3 4 5 6 7 8 9 10 | 10.7
Conjurations   | 1 2 3 4 5 6 7 8 9 |  9.8
Hexes          | 1 2 3 4 5 6 7 8 9 |  9.8
Summonings     | 1 2 3 4 5 6 7 8 9 |  9.8
Necromancy     | 1 2 3 4 5 6 7 8 9 |  9.8
Translocations | 1 2 3 4 5 6 7 8 9 |  9.8
Fire Magic     | 1 2 3 4 5 6 7 8 9 |  9.8
Ice Magic      | 1 2 3 4 5 6 7 8 9 |  9.8
Air Magic      | 1 2 3 4 5 6 7 8 9 |  9.8
Earth Magic    | 1 2 3 4 5 6 7 8 9 |  9.8
Alchemy        | 1 2 3 4 5 6 7 8 9 |  9.8
Maces & Flails | 5 6 7 8 9 10 11 12 | 12.4
Fighting       | 7 8 9 10 11 12 13 | 13.2
Armour         | 7 8 9 10 11 12 13 | 13.2
Shields        | 7 8 9 10 11 12 13 | 13.2

Action                     |  1- 3 |  4- 6 |  7- 9 | 10-12 | 13-15 | 16-18 || total
---------------------------+-------+-------+-------+-------+-------+-------++-------
  Melee: Flail             |   112 |     6 |       |       |       |       ||   118
         Bite              |    14 |     2 |    12 |    63 |   169 |    55 ||   315
         Trident           |       |    86 |   152 |   470 |  1066 |   497 ||  2271
  Throw: Javelin           |       |       |       |       |     7 |     1 ||     8
 Invoke: Heroism           |       |       |       |     3 |    13 |     8 ||    24
         Finesse           |       |       |       |     2 |     9 |     6 ||    17
  Evoke: Wand              |       |       |       |       |     3 |       ||     3
    Use: Scroll            |       |     5 |     1 |       |    19 |     2 ||    27
         Potion            |       |       |     2 |     1 |       |     2 ||     5
   Stab: Distracted        |       |       |     2 |     6 |    26 |    14 ||    48
         Sleeping          |       |       |       |       |     4 |     3 ||     7
 Armour: Scale mail        |    90 |    54 |     2 |       |       |       ||   146
         Chain mail        |       |       |    66 |   285 |   304 |   147 ||   802
  Dodge: Dodged            |    48 |    34 |    26 |   166 |   362 |    98 ||   734
  Block: Buckler           |    37 |    17 |    11 |    97 |   251 |    94 ||   507
